 Dungeon Crawl Stone Soup version 0.31-a0-983-g7b6862f502 (webtiles) character file.

Game seed: 2014519716231222597

2836 Dordric the Summoner (level 9, -1/57 HPs)
             Began as a Demonspawn Summoner on Nov 2, 2023.
             Was a Believer of Sif Muna.
             Engulfed by a steam dragon's steam (8 damage)
             ... on level 7 of the Dungeon.
             The game lasted 00:24:14 (10249 turns).

Dordric the Summoner (Demonspawn Summoner)         Turns: 10249, Time: 00:24:14

Health: -1/57      AC:  2    Str:  8    XL:     9   Next: 45%
Magic:  14/21      EV: 17    Int: 21    God:    Sif Muna [**....]
Gold:   971        SH:  6    Dex: 14    Spells: 12/25 levels left

rFire   . . .        e - +3 dagger
rCold   . . .        (no shield)
rNeg    . . .        a - +0 robe
rPois   .            (helmet restricted)
rElec   .            (no cloak)
rCorr   .            (no gloves)
SInv    .            (no boots)
Will    .....        j - amulet of faith
Stlth   ++           p - +4 ring of slaying
HPRegen 0.29/turn    v - +5 ring of evasion
MPRegen 0.17/turn

%: faith
@: no status effects
A: horns 1, large bone plates 2, foul stench 1, demonic magic 2
a: Renounce Religion, Channel Magic


You were on level 7 of the Dungeon.
You worshipped Sif Muna.
Sif Muna was pleased with you.
You visited 2 branches of the dungeon, and saw 8 of its levels.

You collected 971 gold pieces.

Inventory:

Hand Weapons
 e - a +3 dagger (weapon)
 f - a +0 dagger of electrocution
 q - a +3 whip
Armour
 a - a +0 robe (worn)
 c - the +3 buckler "Wuigepnu" {Dex+3}
   (You acquired it on level 5 of the Dungeon)

   Dex+3:     It affects your dexterity (+3).
Jewellery
 j - an amulet of faith (around neck)
 p - a +4 ring of slaying (left hand)
 t - an amulet of regeneration
 v - a +5 ring of evasion (right hand)
 z - a ring of positive energy
Talismans
 m - a talisman of death
Wands
 r - a wand of iceblast (9)
 u - a wand of paralysis (7)
 A - a wand of flame (13)
Scrolls
 d - a scroll of noise
 k - 3 scrolls of enchant weapon
 o - a scroll of poison {unknown}
 s - a scroll of fear {unknown}
 w - a scroll of summoning {unknown}
 x - a scroll of amnesia {unknown}
 y - 3 scrolls of enchant armour
 B - 2 scrolls of identify
Potions
 b - 3 potions of magic
 g - a potion of mutation {unknown}
 h - a potion of invisibility {unknown}
 i - 2 potions of degeneration {unknown}
 l - 2 potions of curing {unknown}
 n - a potion of haste {unknown}


   Skills:
 - Level 1.9 Dodging
 - Level 2.0 Stealth
 + Level 8.7 Spellcasting
 + Level 10.1 Summonings


You had 12 spell levels left.
You knew the following spells:

 Your Spells              Type           Power      Damage    Failure   Level
a - Summon Small Mammal   Summ           100%       N/A       1%          1
b - Call Canine Familiar  Summ           51%        N/A       1%          3
c - Call Imp              Summ           100%       N/A       1%          2
d - Summon Guardian Gole  Hex/Summ       30%        N/A       2%          3
e - Summon Lightning Spi  Summ/Air       30%        N/A       9%          4

Your spell library contained the following spells:

 Spells                   Type           Power      Damage    Failure   Level
 Foxfire                  Conj/Fire      36%        2x1d5     8%          1
 Shock                    Conj/Air       36%        1d5       8%          1
 Cigotuvi's Dreadful Rot  Necr/Pois/Air  18%        N/A       11%         2
 Ignite Poison            Fire/Tmut/Pois 9%         N/A       22%         3
 Swiftness                Air            9%         N/A       22%         3
 Airstrike                Air            4%         2d(1-17)  58%         4
 Dispel Undead            Necr           9%         3d8       58%         4
 Sticky Flame             Conj/Fire      9%         2d3       58%         4
 Death Channel            Necr           4%         N/A       100%        6
 Plasma Beam              Fire/Air       4%         2x1d14    100%        6
 Starburst                Conj/Fire      4%         6d4       100%        6
 Ignition                 Fire           4%         3d4       100%        8


Dungeon Overview and Level Annotations

Branches:
Dungeon (7/15)             Temple (1/1) D:4

Altars:
Ashenzari
Cheibriados
Dithmenos
Fedhas
Gozag
Hepliaklqana
Kikubaaqudgha
Makhleb
Nemelex Xobeh
Okawaru
Qazlal
Ru
Sif Muna
Trog
Uskayaw
Vehumet
Wu Jian
Xom
Yredelemnul

Shops:
D:5 [


Innate Abilities, Weirdness & Mutations

You have a pair of small horns on your head.
You are mostly covered in large bone plates. (SH +6)
You may rarely emit foul miasma when damaged in melee.
Spells you cast may paralyse nearby enemies.


Message History

a stone; a +0 whip; a kobold skeleton
There is an open door here.
Things that are here:
a +0 flail; a curare-tipped dart
Casting: Call Canine Familiar (safe; 1% risk of failure)
Confirm with . or Enter, or press ? or * to list all spells.
A guardian golem appears, shielding your allies.
Malevolent energies surge around you.
Casting: Summon Guardian Golem (dangerous; 2% risk of failure)
Confirm with . or Enter, or press ? or * to list all spells.
Malevolent energies surge around you.
Casting: Call Canine Familiar (safe; 1% risk of failure)
Confirm with . or Enter, or press ? or * to list all spells.
A tiny devil pulls itself out of the air.
Malevolent energies surge around you.
You swap places.
The steam dragon bites your guardian golem.
The steam dragon claws your guardian golem.
Your cerulean imp hits the steam dragon with a +1 spear.
The steam dragon bites your guardian golem but does no damage.
The steam dragon claws your guardian golem.
Your cerulean imp barely misses the steam dragon.
The steam dragon bites your guardian golem.
The steam dragon claws your guardian golem but does no damage.
Your cerulean imp hits the steam dragon with a +1 spear.
The steam dragon bites your guardian golem.
The steam dragon claws your guardian golem but does no damage.
Your cerulean imp barely misses the steam dragon.
The steam dragon breathes steam at you.
The ball of steam hits your guardian golem!
Your guardian golem resists.
The ball of steam hits your wolf! The ball of steam hits you!!
Your wolf is engulfed in a cloud of scalding steam.
You are engulfed in a cloud of scalding steam.
* * * LOW HITPOINT WARNING * * *
Something bites your guardian golem but does no damage.
Something claws your guardian golem.
Your wolf is engulfed in a cloud of scalding steam.
You are engulfed in a cloud of scalding steam.
You die...

#D###.######.##...#
##§# .##..#..# .#.#
#§## #.##.#.## .#
##§# .##...# #.##
#.##.## #(## #.#
##D#########'#
##..#.#.#..##
#..#@#.#..#
##.#h#.#)##
#.#9#.#.# ##D5#.†##
#..#..# ##.#.##
#.#.# ##.## #.#


You could see a friendly guardian golem (summoned) and a friendly wolf
(summoned, sheltered).

Vanquished Creatures
  A sky beast (D:6)
  2 hounds
  2 adders
  2 ufetubi (D:6)
  A worm (D:5)
  A dart slug (D:1)
  3 orcs
  3 ball pythons (D:1)
  An endoplasm (D:1)
  A giant cockroach (D:1)
  2 goblins (D:1)
  2 hobgoblins
  6 jackals (D:1)
  3 quokkas
  3 bats
  5 frilled lizards
  3 kobolds (D:1)
  A rat (D:1)
42 creatures vanquished.

Vanquished Creatures (collateral kills)
  A water moccasin (D:6)
  2 orc warriors
  3 sky beasts (D:7)
  A black bear (D:6)
  An ice beast (D:7)
  An ogre (D:4)
  3 kobold brigands
  A phantom (D:6)
  A bullfrog (D:6)
  5 scorpions
  2 howler monkeys
  A hound (D:7)
  A jelly (D:4)
  An orc priest (D:5)
  3 iguanas (D:6)
  3 orc wizards
  10 adders
  6 gnolls
  2 shadow imps (D:6)
  A white imp (D:5)
  An ufetubus (D:6)
  A worm (D:2)
  A dart slug (D:3)
  11 orcs
  2 bats (D:2)
  5 endoplasms
  4 giant cockroaches
  12 goblins
  10 hobgoblins
  2 jackals (D:1)
  11 kobolds
  6 ball pythons
  3 rats
118 creatures vanquished.

Vanquished Creatures (others)
  Menkaure (D:7)
  A black bear (D:5)
  An orc warrior (D:6)
  An ogre (D:5)
  A bullfrog (D:7)
  A gnoll sergeant (D:5)
  A jelly (D:6)
  A gnoll bouda (D:7)
  A gnoll (D:7)
  An ufetubus (D:6)
  2 orcs
  A kobold (D:7)
13 creatures vanquished.

Grand Total: 173 creatures vanquished

Notes
Turn   | Place    | Note
-------+----------+-------------------------------------------
     0 | D:1      | Dordric the Demonspawn Summoner began the quest for the
                  | Orb.
     0 | D:1      | Reached XP level 1. HP: 13/13 MP: 3/3
   208 | D:1      | Gained mutation: You may rarely emit foul miasma when
                  | damaged in melee. [demonic ancestry]
   208 | D:1      | Reached XP level 2. HP: 19/19 MP: 1/5
   695 | D:1      | Noticed a glass eye
   705 | D:1      | Noticed a great orb of eyes
   707 | D:1      | Found a faded altar of an unknown god.
   709 | D:1      | Noticed a shining eye
   710 | D:1      | Noticed a shining eye
   717 | D:1      | Gained mutation: You have a pair of small horns on your
                  | head. [demonic ancestry]
   717 | D:1      | Reached XP level 3. HP: 22/24 MP: 3/6
  1478 | D:1      | Learned a level 3 spell: Call Canine Familiar
  1481 | D:1      | Learned a level 2 spell: Call Imp
  2289 | D:2      | Gained mutation: Spells you cast may paralyse adjacent
                  | enemies. [demonic ancestry]
  2289 | D:2      | Reached XP level 4. HP: 30/30 MP: 0/8
  2706 | D:2      | Reached skill level 5 in Summonings
  3534 | D:3      | Gained mutation: You are partially covered in large bone
                  | plates. (SH +4) [demonic ancestry]
  3534 | D:3      | Reached XP level 5. HP: 35/35 MP: 2/10
  3673 | D:3      | Found an opulent altar of Gozag.
  4703 | D:4      | Noticed an ogre
  4714 | D:4      | Killed an ogre
  4715 | D:4      | Gained mutation: You are mostly covered in large bone
                  | plates. (SH +6) [demonic ancestry]
  4715 | D:4      | Reached XP level 6. HP: 37/41 MP: 5/12
  4804 | D:4      | Reached skill level 6 in Summonings
  4911 | D:4      | Learned a level 3 spell: Summon Guardian Golem
  5031 | D:4      | Found a staircase to the Ecumenical Temple.
  5042 | Temple   | Entered the Ecumenical Temple
  5069 | Temple   | Became a worshipper of Sif Muna the Loreminder
  5646 | D:4      | Found a burning altar of Makhleb.
  5648 | D:4      | Found a broken altar of Ashenzari.
  5648 | D:4      | Found a snail-covered altar of Cheibriados.
  5959 | D:5      | Entered Level 5 of the Dungeon
  5999 | D:5      | Reached skill level 5 in Spellcasting
  6057 | D:5      | Gained mutation: Spells you cast may paralyse nearby
                  | enemies. [demonic ancestry]
  6057 | D:5      | Reached XP level 7. HP: 40/46 MP: 4/14
  6818 | D:5      | Reached skill level 7 in Summonings
  7282 | D:5      | Reached * piety under Sif Muna
  7348 | D:5      | Found a sparkling altar of Nemelex Xobeh.
  7350 | D:5      | Found a sacrificial altar of Ru.
  7602 | D:5      | Found Ydioriub's Antique Armour Shop.
  7770 | D:5      | Learned a level 4 spell: Summon Lightning Spire
  7771 | D:5      | Identified 2 scrolls of acquirement
  7773 | D:5      | Acquired the +3 buckler "Wuigepnu" {Dex+3}
  7780 | D:5      | Acquired 570 gold pieces
  7917 | D:6      | Reached XP level 8. HP: 52/52 MP: 9/17
  8207 | D:6      | Reached skill level 8 in Summonings
  8868 | D:6      | Reached ** piety under Sif Muna
  8869 | D:6      | Reached skill level 9 in Summonings
  9049 | D:6      | Identified the +1 scale mail of Sontiete {rC+ Will- Int+3}
  9257 | D:7      | Reached XP level 9. HP: 57/57 MP: 13/20
  9503 | D:7      | Noticed Menkaure
  9516 | D:7      | Killed Menkaure
  9516 | D:7      | HP: 2/57 [themself (32)]
  9997 | D:7      | Reached skill level 10 in Summonings
 10249 | D:7      | Engulfed by a steam dragon's steam

Illustrated notes

Levels and vault maps discovered:
D:1:      nzn_arrival_settlement, layout_basic, serial_rivers,
          chequers_serial_rivers_marsh, chequers_serial_rivers_marsh,
          chequers_serial_rivers_room_a, chequers_serial_rivers_micro_d,
          chequers_serial_rivers_room_b, hellmonk_ecumenical_altar_watching_god,
          lexackson_kobold_supper
D:2:      layout_loops_corners, solitary_fountain
D:3:      layout_rooms, nicolae_gozag_cash_rules_everything_around_me,
          mainiacjoe_overflow_brackets
D:4:      layout_basic, mainiacjoe_overflow_alcove_3, minmay_temple_entry_waves
D:5:      layout_loops_corners, minitemple, serial_shops,
          nicolae_lakefront_shop, kennysheep_crisscross
D:6:      minmay_diamond_boxcup, layout_loops_ring, minmay_tree_intersection
D:7:      minmay_the_grid_triangle_9x9_rhombus_full
          [minmay_the_grid_triangle_9x9_wacky_v,
          minmay_the_grid_triangle_9x9_dagger,
          minmay_the_grid_triangle_9x9_corrupted_corridor,
          minmay_the_grid_triangle_9x9_thin_v,
          minmay_the_grid_triangle_9x9_longest,
          minmay_the_grid_triangle_9x9_shrine,
          minmay_the_grid_triangle_9x9_empty,
          minmay_the_grid_triangle_9x9_prize_center], layout_rooms,
          st_stairs_13, minivault_1, dreamdust_mushroom_princess, uniq_menkaure
Temple:   compressed_dpeg_circular_temple

Skill      XL: |  1  2  3  4  5  6  7  8  9 |
---------------+----------------------------+-----
Stealth        | 2 |  2.0
Spellcasting   | 3 4 5 6 7 8 |  8.7
Summonings     | 5 6 7 9 10 | 10.1
Dodging        | |  1.9

Action                     |  1- 3 |  4- 6 |  7- 9 || total
---------------------------+-------+-------+-------++-------
  Melee: Unarmed           |    57 |       |       ||    57
         Dagger            |    62 |     5 |    21 ||    88
         Headbutt          |    10 |       |     2 ||    12
   Cast: Summon Small Mamm |    52 |    55 |    23 ||   130
         Call Canine Famil |     7 |    32 |    36 ||    75
         Call Imp          |     6 |    35 |    35 ||    76
         Summon Guardian G |       |     9 |    25 ||    34
         Summon Lightning  |       |       |    10 ||    10
    Use: Scroll            |       |       |     6 ||     6
   Stab: Sleeping          |     2 |       |       ||     2
         Paralysed         |       |     2 |     1 ||     3
 Armour: Robe              |   119 |    13 |    18 ||   150
  Dodge: Dodged            |   165 |    17 |    17 ||   199
  Block: Other             |       |     6 |     7 ||    13
         Buckler           |       |       |    10 ||    10
         Form:             |       |       |     1 ||     1
         Death             |       |       |     1 ||     1

Table legend: (Time is in decaauts)
 A = Elapsed time spent in this place.
 B = Non-inter-level travel time spent in this place.
 C = Inter-level travel time spent in this place.
 D = Time resting spent in this place.
 E = Time spent auto-exploring this place.
 F = Levels seen in this place.
 G = Mean time per level.
                   A        B        C        D        E       F      G
               +--------+--------+--------+--------+--------+-----+--------+
         Total |  10255 |  10090 |    165 |    628 |   7289 |   8 | 1281.9 |
       Dungeon |  10202 |  10058 |    144 |    628 |   7289 |   7 | 1457.4 |
        Temple |     53 |     32 |     21 |      0 |      0 |   1 |   53.0 |
               +--------+--------+--------+--------+--------+-----+--------+

Top non-repeatable levels by time:
     D:5: 1857 daAuts
     D:1: 1788 daAuts
     D:2: 1746 daAuts
     D:6: 1425 daAuts
     D:4: 1381 daAuts
     D:7: 1005 daAuts
     D:3: 996 daAuts
  Temple: 53 daAuts
